 Dungeon Crawl Stone Soup version 0.28.0 (webtiles) character file.

Game seed: 1487279387360232099

49 Kaptain the Digger (level 3, -5/20 HPs)
             Began as a Gargoyle Earth Elementalist on Feb 11, 2022.
             Killed from afar by Sigmund (10 damage)
             ... with a magic dart
             ... on level 2 of the Dungeon.
             The game lasted 00:09:17 (1445 turns).

Kaptain the Digger (Gargoyle Earth Elementalist)    Turns: 1445, Time: 00:09:17

Health: -5/20      AC:  9    Str: 11    XL:     3   Next: 77%
Magic:  1/6        EV: 11    Int: 17    God:
Gold:   128        SH:  0    Dex: 10    Spells: 3/7 levels left

rFire   . . .      SeeInvis .   f - +0 short sword (flame)
rCold   . . .      Faith    .   (no shield)
rNeg    + . .      Spirit   .   e - +0 leather armour
rPois   ∞          Reflect  .   k - +0 helmet
rElec   +          Harm     .   a - +0 cloak
rCorr   .          Rampage  .   (no gloves)
Will    .....                   i - +0 pair of boots
Stlth   ++........              (no amulet)
HPRegen 0.06/turn               (no ring)
MPRegen 0.10/turn               (no ring)

@: no status effects
A: sickness immunity, AC +3, negative energy resistance 1, electricity
resistance, torment resistance 1, petrification resistance
a: no special abilities


You were on level 2 of the Dungeon.
You visited 1 branch of the dungeon, and saw 2 of its levels.

You collected 128 gold pieces.

Inventory:

Hand Weapons
 f - a +0 short sword of flaming (weapon)
Missiles
 c - 55 stones
Armour
 a - a +0 cloak (worn)
 e - a +0 leather armour (worn)
 h - a +0 crystal plate armour
 i - a +0 pair of boots (worn)
 j - a +0 buckler
 k - a +0 helmet (worn)
Scrolls
 b - a scroll of fear {unknown}
 d - 2 scrolls of identify {unknown}
 g - a scroll of torment {unknown}
Potions
 l - a potion of attraction {unknown}


   Skills:
 + Level 1.0 Fighting
 + Level 0.7 Armour
 - Level 1.8 Dodging
 + Level 2.4 Stealth
 + Level 0.0 Shields
 * Level 2.5 Spellcasting
 * Level 0.4 Conjurations
 - Level 0.7 Transmutations
 * Level 4.1 Earth Magic


You had 3 spell levels left.
You knew the following spells:

 Your Spells              Type           Power      Damage    Failure   Level
a - Sandblast             Erth           32%        2d9       4%          1
b - Stone Arrow           Conj/Erth      20%        3d8       28%         3

Your spell library contained the following spells:

 Spells                   Type           Power      Damage    Failure   Level
 Passwall                 Tmut/Erth      8%         N/A       13%         2
 Summon Small Mammal      Summ           8%         N/A       24%         1
 Call Canine Familiar     Summ           2%         N/A       58%         3
 Summon Guardian Golem    Hex/Summ       2%         N/A       58%         3
 Petrify                  Tmut/Erth      10%        N/A       65%         4
 Summon Lightning Spire   Summ/Air       2%         N/A       94%         4
 Storm Form               Tmut/Air       1%         N/A       100%        7
 Maxwell's Capacitive Co  Air            1%         ∞         100%        8


Dungeon Overview and Level Annotations

Branches:
Dungeon (2/15)

Altars:

Annotations:
D:2 Sigmund


Innate Abilities, Weirdness & Mutations

You are immune to sickness and miasma.
Your stone body is resilient. (AC +3)
You are immune to poison.
You resist negative energy. (rN+)
You are resistant to electric shocks. (rElec)
You are resistant to unholy torment.
You are immune to petrification.


Message History

You're too confused to cast spells.
Unknown command.
You're too confused to move!
Sigmund points at you and mumbles some strange words.
You resist with significant effort.
You bump into the rock wall.
Sigmund hits you from afar with a +0 scythe!
You feel less confused.
Casting: Sandblast (safe; 4% risk of failure)
Confirm with . or Enter, or press ? or * to list all spells.
Aiming: Sandblast (safe; 4% risk of failure)
Press: ? - help, Shift-Dir - straight line, f/p - Sigmund
Aim: Sigmund, wielding a +0 scythe and wearing a +2 robe of fire resistance (heavily wounded, 77% to hit)
The blast of sand hits Sigmund.
Sigmund is severely wounded.
Unknown command.
Casting: Sandblast (safe; 4% risk of failure)
Confirm with . or Enter, or press ? or * to list all spells.
Aiming: Sandblast (safe; 4% risk of failure)
Press: ? - help, Shift-Dir - straight line, f/p - Sigmund
Aim: Sigmund, wielding a +0 scythe and wearing a +2 robe of fire resistance (severely wounded, 77% to hit)
The blast of sand hits Sigmund.
Sigmund is severely wounded.
Sigmund gestures at you while chanting. You resist with significant effort.
Casting: Sandblast (safe; 4% risk of failure)
Confirm with . or Enter, or press ? or * to list all spells.
Aiming: Sandblast (safe; 4% risk of failure)
Press: ? - help, Shift-Dir - straight line, f/p - Sigmund
Aim: Sigmund, wielding a +0 scythe and wearing a +2 robe of fire resistance (severely wounded, 77% to hit)
The blast of sand hits Sigmund.
Sigmund is almost dead.
Sigmund hits you from afar with a +0 scythe.
* * * LOW HITPOINT WARNING * * *
You aren't carrying any items that you can evoke.
Unknown command.
Sigmund points at you and mumbles some strange words.
The magic dart hits you!
Ouch! That really hurt!
You die...

.####........###.# #.########
...##............# #.##......
...##............# #.##......
...##........##### #.##......
...#######'###### #.##......
>..'............# #.########
...####.#######.## #.# ...#
#...# #..# #.#
...######.######@## #.#
####..........##..# #.#
#.####.###.###.######'########
###.####.# #@.##............
#.#.##...# ##.##............
##.#.##.### #.##............
........# #.##............
##.#..### #....####.@#....
##.##.##### #...##..##.##...


You could see Sigmund.

Vanquished Creatures
  A gnoll (D:1)
  2 worms (D:2)
  2 dart slugs (D:1)
  2 ball pythons
  An endoplasm (D:2)
  4 giant cockroaches
  2 goblins
  2 hobgoblins
  3 quokkas (D:1)
  A bat (D:1)
  2 frilled lizards (D:1)
  4 kobolds
  4 rats
30 creatures vanquished.

Vanquished Creatures (others)
  2 plants (D:1)
2 creatures vanquished.

Grand Total: 32 creatures vanquished

Notes
Turn   | Place    | Note
-------+----------+-------------------------------------------
     0 | D:1      | Kaptain the Gargoyle Earth Elementalist began the quest for
                  | the Orb.
     0 | D:1      | Reached XP level 1. HP: 10/10 MP: 3/3
   140 | D:1      | Reached XP level 2. HP: 15/15 MP: 3/5
   351 | D:1      | Reached skill level 4 in Earth Magic
   387 | D:1      | Reached XP level 3. HP: 20/20 MP: 2/6
   394 | D:1      | Learned a level 3 spell: Stone Arrow
   481 | D:1      | Found a faded altar of an unknown god.
  1072 | D:2      | Noticed Sigmund
  1343 | D:2      | Reached skill level 1 in Fighting
  1445 | D:2      | Killed from afar by Sigmund

Illustrated notes

Levels and vault maps discovered:
D:1:      dpeg_arrival_long_road, layout_rooms,
          shapermc_ecumenical_altar_mp_urbaneastern, minmay_misc_feat_square,
          amcnicky_mini_pool_small
D:2:      layout_basic, minmay_close_crescents, uniq_sigmund

Skill      XL: |  1  2  3 |
---------------+----------+-----
Earth Magic    | 4 |  4.1
Fighting       | 1 |  1.0
Armour         | |  0.7
Dodging        | |  1.8
Stealth        | |  2.4
Spellcasting   | |  2.5
Conjurations   | |  0.4
Transmutations | |  0.7

Action                   || total
-------------------------++-------
Melee: Short sword       ||     4
 Cast: Sandblast         ||    53
       Stone Arrow       ||     2
Armor: Robe              ||     1
       Leather armour    ||     1
Dodge: Dodged            ||    11
